Unix NetHack Version 5.0.0-0 post-release - last build May 31 2026 23:59:36 (970b52f25bf058293b47ddfd14a1e40e571c508c,branch:main).

Game began 2026-06-09 17:19:34, ended 2026-06-09 21:24:50.

LDaviesPeters, neutral female human Archeologist

                                                         --------------------
                                             -----       |..................|
                                             |...|       |..................|
                                             |....##    #-...-----.-----+---|
                                             |...| ##   #|...|..............|
                                             ---|-  #####....|..............|
                                               ### `#####|...|..............|
                                                #    ### -...---------------|
                                                #    ##  |..................|
                                              ###    ####|..................|
                                             -@-        #....`....>.........|
                                            |.a..        ----+---------------
                                            |......
                                            .)......+
                                            ---------

LDaviesPeters the Investigator  St:17 Dx:12 Co:15 In:16 Wi:15 Ch:10  Neutral
Dlvl:8  $:0  HP:0(41) Pw:24(24) AC:7  Xp:6 T:3979 

Latest messages:
 You lash the homunculus!
 The homunculus bites!
 You lash the homunculus!
 The homunculus turns to flee.
 The homunculus escapes downstairs!
 You descend the stairs.
 You kill the homunculus!
 You see here a clove of garlic.
 k - a clove of garlic.
 You climb up the stairs.
 Something is written here in the dust.
 You read: "\lad va? h?re".
 You see here 10 gold pieces.
 $ - 10 gold pieces.
 What do you want to use or apply? [abe-gimpI or ?*] b
 You put 10 gold pieces into the sack.
 You find a hidden door.
 The door opens.
 You find a hidden door.
 The door resists!
 The door opens.
 The fire ant bites!
 The fire ant bites again!
 You avoid harm.
 You lash the fire ant!
 The fire ant bites!
 The fire ant bites again!
 You avoid harm.
 The fire ant bites!
 The fire ant bites again!
 You're on fire!
 You lash the fire ant!
 The fire ant bites!
 The fire ant bites again!
 You avoid harm.
 You lash the fire ant!
 The fire ant bites!
 The fire ant bites again!
 You avoid harm.
 You lash the fire ant!
 The fire ant bites!
 The fire ant bites again!
 You're on fire!
 The fire ant bites!
 You die...
 Do you want your possessions identified? [ynq] (y) y
 Do you want to see your attributes? [ynq] (y) y
 Do you want an account of creatures vanquished? [ynaq] (y) n
 Do you want to see your conduct and achievements? [ynq] (y) y
 Do you want to see the dungeon overview? [ynq] (y) n

Inventory:
 Amulets  ('"')
  C - a cursed amulet of change
 Weapons  (')')
  l - 2 +0 orcish daggers (at the ready)
  a - a +2 bullwhip (weapon in right hand)
 Armor    ('[')
  v - an uncursed +0 orcish helm (being worn)
  j - an uncursed +0 oilskin cloak (being worn)
  h - an uncursed +0 leather jacket (being worn)
 Comestibles  ('%')
  E - an uncursed carrot
  k - an uncursed clove of garlic
  d - an uncursed food ration
 Rings    ('=')
  H - an uncursed +1 ring of adornment (on right hand)
  F - a blessed +5 ring of gain strength (on left hand)
 Wands    ('/')
  I - a wand of fire (0:4)
  m - a wand of secret door detection (0:13)
 Tools    ('(')
  b - an uncursed sack containing 14 items
  p - a +0 pick-axe
  i - an uncursed tin opener
  e - an uncursed tin whistle
  f - a tinning kit (0:46)
 Gems/Stones  ('*')
  g - an uncursed touchstone

Contents of the sack:
  224 gold pieces
  a blessed scroll of confuse monster
  an uncursed scroll of enchant weapon
  an uncursed scroll of light
  2 uncursed scrolls of remove curse
  an uncursed potion of fruit juice
  an uncursed potion of gain energy
  an uncursed potion of healing
  an uncursed potion of invisibility
  an uncursed potion of monster detection
  an uncursed potion of object detection
  an uncursed potion of restore ability
  an uncursed potion of sickness
  an uncursed potion of speed

LDaviesPeters the Archeologist's attributes:

Background:
 You were an Investigator, a level 6 female human Archeologist.
 You were neutral, on a mission for Camaxtli
 who was opposed by Quetzalcoatl (lawful) and Huhetotl (chaotic).
 You were right-handed.
 You were in the Dungeons of Doom, on level 8.
 You entered the dungeon 3979 turns ago.
 You had 463 experience points, 177 more were needed to attain level 7.

Basics:
 You had 0 out of 41 hit points.
 You had all 24 energy points (spell power).
 Your armor class was 7.
 Your wallet was empty, but
 you had 224 zorkmids stashed away in your pack.
 Autopickup was off.

Final Characteristics:
 Your strength was 17 (base:12, limit:18/100).
 Your dexterity was 12 (limit:18).
 Your constitution was 15 (limit:18).
 Your intelligence was 16 (limit:18).
 Your wisdom was 15 (limit:18).
 Your charisma was 10 (base:9, limit:18).

Final Status:
 You weren't hungry.
 You were unencumbered.
 You were wielding a whip.
 You were skilled in whip.

Final Attributes:
 You were piously aligned.
 You were telepathic.
 You had automatic searching.
 You were more charismatic.
 You were stealthy.
 You were guarded.
 You are dead.

Miscellaneous:
 You didn't encounter any bones levels.
 Total elapsed playing time was 45 minutes and 3 seconds.

Major events:
 Turn
    1: LDaviesPeters the neutral female human Archeologist entered the dungeon
  709: attained the rank of Field Worker (level 3)
 1532: entered the Gnomish Mines
 3249: attained the rank of Investigator (level 6)
 3979: killed by a fire ant

You didn't know any spells.

Skills:
 Fighting Skills
   bare handed combat [Unskilled]
   two weapon combat  [Unskilled]
   riding             [Unskilled]
 Weapon Skills
   dagger             [Unskilled]
   knife              [Unskilled]
   pick-axe           [Basic]
   short sword        [Unskilled]
   saber              [Unskilled]
   club               [Unskilled]
   quarterstaff       [Unskilled]
   sling              [Unskilled]
   dart               [Unskilled]
   boomerang          [Unskilled]
   whip               [Skilled]
   unicorn horn       [Unskilled]
 Spellcasting Skills
   attack spells      [Unskilled]
   healing spells     [Unskilled]
   divination spells  [Unskilled]
   matter spells      [Unskilled]

Voluntary challenges:
 Character rerolling was not enabled.
 You never genocided any monsters.
 You never polymorphed an object.
 You never changed form.
 You used no wishes.
Achievements:
 You attained the rank of Field Worker.
 You entered the Gnomish Mines.
 You attained the rank of Investigator.

 The Dungeons of Doom: levels 1 to 9
    Level 1:
    Level 2:
    Level 3:
       Some fountains, a grave.
    Level 4:
       An altar to Camaxtli.
       Stairs down to The Gnomish Mines.
    Level 5:
       An altar.
    Level 6:
    Level 7:
    Level 8: <- You were here.
       Final resting place for
          you, killed by a fire ant.
    Level 9:
       A sink.
 The Gnomish Mines:
    Level 5:


Vanquished creatures:
  a leprechaun
  a gnome ruler
  a dog
  a housecat
  a water nymph
  a rock piercer
  2 rock moles
  a gnome leader
 an elf zombie
  2 giant ants
  a little dog
  2 floating eyes
  2 homunculi
  a kobold leader
  2 giant bats
 an orc zombie
  5 iguanas
 an acid blob
  2 coyotes
  a large kobold
  2 hobgoblins
  2 giant rats
  2 gnomes
  2 gnome zombies
  3 geckos
  6 jackals
  4 kobolds
  4 goblins
  3 sewer rats
  9 grid bugs
  a bat
  5 lichens
  8 newts
81 creatures vanquished.

No species were genocided or became extinct.

Game over:
                       ----------
                      /          \
                     /    REST    \
                    /      IN      \
                   /     PEACE      \
                  /                  \
                  |  LDaviesPeters   |
                  |      224 Au      |
                  | killed by a fire |
                  |       ant        |
                  |                  |
                  |                  |
                  |       2026       |
                 *|     *  *  *      | *
        _________)/\\_//(\/(/\)/\//\/|_)_______

Goodbye LDaviesPeters the Archeologist...

You died in The Dungeons of Doom on dungeon level 8 with 2474 points,
and 224 pieces of gold, after 3979 moves.
You were level 6 with a maximum of 41 hit points when you died.

